 Dungeon Crawl Stone Soup version 0.21-a0-509-gecc5317 (webtiles) character file.

148 Gerstahl the Slasher (level 5, -1/50 HPs)
             Began as a Naga Gladiator on Dec 1, 2017.
             Killed from afar by Natasha (11 damage)
             ... with a wand of flame (3)
             ... on level 3 of the Dungeon.
             The game lasted 00:03:51 (2079 turns).

Gerstahl the Slasher (Naga Gladiator)               Turns: 2079, Time: 00:03:52

Health: -1/50      AC:  4    Str: 17    XL:     5   Next: 30%
Magic:  5/5        EV: 10    Int:  8    God:
Gold:   90         SH:  0    Dex: 13    Spells: 4/4 levels left

rFire    . . .     SeeInvis +   a - +0 long sword
rCold    . . .     Gourm    .   (no shield)
rNeg     . . .     Faith    .   b - +0 leather armour
rPois    +         Spirit   .   c - +0 helmet
rElec    .         Reflect  .   (no cloak)
rCorr    .         Harm     .   (no gloves)
MR       .....                  (no barding)
Stlth    +.........             (no amulet)
HPRegen  0.16/turn              (no ring)
MPRegen  0.09/turn              (no ring)

@: short of breath, very slow
A: large, see invisible, deformed body, poison resistance, slowness 2, slow
metabolism 1, spit poison 1, AC +1
a: Spit Poison


You were on level 3 of the Dungeon.
You were not hungry.

You visited 1 branch of the dungeon, and saw 4 of its levels.

You collected 90 gold pieces.

Inventory:

Hand Weapons
 a - a +0 long sword (weapon)
Missiles
 d - 3 throwing nets (quivered)
Armour
 b - a +0 leather armour (worn)
 c - a +0 helmet (worn)
Wands
 p - a wand of digging (19)
Scrolls
 e - 2 scrolls of fog {unknown}
 g - 4 scrolls of identify {unknown}
 i - a scroll of remove curse {unknown}
 k - a scroll of blinking {unknown}
 m - a scroll of amnesia {unknown}
 n - 3 scrolls of teleportation {unknown}
 r - a scroll of noise {unknown}
Potions
 h - a potion of curing {unknown}
 j - a potion of flight {unknown}
 l - a potion of mutation {unknown}
 q - a potion of heal wounds {unknown}
 s - a potion of might {unknown}
Comestibles
 f - 4 bread rations
 o - a royal jelly
 t - 5 chunks of flesh


   Skills:
 + Level 4.0 Fighting
 + Level 4.6 Long Blades
 - Level 1.7 Throwing
 - Level 2.4 Dodging


You had 4 spell levels left.
You didn't know any spells.

Dungeon Overview and Level Annotations

Branches:
Dungeon (4/15)
 Temple: D:4-7

Altars:

Annotations:
D:3 Natasha


Innate Abilities, Weirdness & Mutations

You cannot wear boots.
Your serpentine skin is tough. (AC +1)
You have supernaturally acute eyesight. (SInv)
Armour fits poorly on your strangely shaped body.
Your system is resistant to poisons. (rPois)
You cover ground very slowly.
You have a slow metabolism.
You can spit poison.


Message History

Aim: Natasha (hasn't noticed you)
The splash of poison misses Natasha.
You feel slightly more hungry.
Natasha hisses angrily.
Natasha howls an incantation.
You feel disoriented.
Natasha zaps a wand.
The puff of flame hits you!
* * * LOW HITPOINT WARNING * * *
It is a wand of flame (3).
You hit Natasha.
Natasha is lightly wounded.
Natasha barely misses you.
You riposte.
You hit Natasha.
Natasha is lightly wounded.
You miss Natasha.
Natasha is lightly wounded.
Natasha closely misses you. Natasha claws you.
* * * LOW HITPOINT WARNING * * *
You closely miss Natasha.
Natasha is lightly wounded.
Natasha zaps a wand.
The puff of flame hits you!
You die...

.# .#.. .#.. .#.# .#.# .#.#
.#.# #####
.#.#####...#####+#########
.'.....'.......h@........#
.#.#####รท......##.#####.##
.....###.......##..#
...............###+#
...............#
................#
.....##########.# ...### .#
#### #


You could see Natasha.

Vanquished Creatures
  Jessica (D:2)
  Natasha (D:3)
  A worker ant zombie (D:3)
  A gnoll (D:1)
  An adder (D:2)
  An ooze (D:1)
  An adder skeleton (D:4)
  2 worms (D:2)
  A dart slug (D:1)
  3 leopard geckos
  4 giant cockroaches
  5 goblins
  8 hobgoblins
  5 jackals (D:2)
  A quokka (D:3)
  5 bats
  2 frilled lizards (D:1)
  3 kobolds (D:1)
  7 rats
53 creatures vanquished.

Notes
Turn   | Place    | Note
-------+----------+-------------------------------------------
     0 | D:1      | Gerstahl the Naga Gladiator began the quest for the Orb.
     0 | D:1      | Reached XP level 1. HP: 19/19 MP: 1/1
    28 | D:1      | Reached XP level 2. HP: 13/27 MP: 2/2
   380 | D:1      | Reached XP level 3. HP: 23/33 MP: 3/3
  1438 | D:2      | Reached XP level 4. HP: 34/42 MP: 4/4
  1740 | D:2      | Noticed Jessica
  1746 | D:2      | Killed Jessica
  1940 | D:2      | You fall through a shaft for 2 floors!
  2008 | D:3      | Noticed Natasha
  2019 | D:3      | Killed Natasha
  2019 | D:3      | Reached XP level 5. HP: 17/50 MP: 5/5
  2075 | D:3      | Noticed Natasha
  2079 | D:3      | Killed from afar by Natasha

Vault maps used:
D:1:      nzn_arrival_crosshair
D:2:      first_bread, uniq_robin, uniq_jessica
D:3:      gammafunk_temple_overflow_forgotten, nemelex_dance_club_becter,
          uniq_natasha
D:4:      okawaru_altar_gauntlet_db, serial_shops, shop, uniq_blork_the_orc

Skill      XL: |  1  2  3  4  5 |
---------------+----------------+-----
Fighting       | 3 4 |  4.0
Long Blades    | 4 |  4.6
Throwing       | |  1.7
Dodging        | |  2.4

Action                   |  1- 3 |  4- 6 || total
-------------------------+-------+-------++-------
Melee: Long sword        |    74 |    80 ||   154
 Abil: Spit Poison       |     4 |     3 ||     7
 Stab: Sleeping          |     1 |     4 ||     5
  Eat: Chunk             |     1 |     2 ||     3
Armor: Leather armour    |    21 |    32 ||    53
Dodge: Dodged            |    53 |    55 ||   108
       Rpst.: Long sword |    13 |    15 ||    28

Table legend:
 A = Spawn XP
 B = Non-spawn XP
 C = Spawn XP percentage of total XP
 D = Spawn monster count
 E = Non-spawn monster count
 F = Spawn count percentage of total count
 G = Total turns spent on level
                    A         B        C        D         E        F      G
               +---------+---------+-------+---------+---------+-------+---------
         Total |       0 |     212 |   0.0 |       0 |      53 |   0.0 |  2079
               +---------+---------+-------+---------+---------+-------+---------
           D:1 |       0 |      60 |   0.0 |       0 |      25 |   0.0 |  1245
           D:2 |       0 |      94 |   0.0 |       0 |      22 |   0.0 |   695
           D:3 |       0 |      53 |   0.0 |       0 |       5 |   0.0 |   125
           D:4 |       0 |       5 |   0.0 |       0 |       1 |   0.0 |    14
               +---------+---------+-------+---------+---------+-------+---------
